2804 views
Uploaded 2020-02-22 06:15:41
Game version 1.32 / 1.32.1
8:23 long 1on1 ladder game on (2)Amazonia
Saved by TheBiGsLeeP
2804 views
Uploaded 2020-02-22 06:15:41
Game version 1.32 / 1.32.1
8:23 long 1on1 ladder game on (2)Amazonia

19 units @ 2.1k
/ 0.1k
11 buildings @ 1.2k
/ 0.5k


| Potion of Healing | 1 | 150 |
| Scroll of Regeneration | 1 | 100 |
| Lesser Clarity Potion | 1 | 70 |
| total: | 3 | 320g |
| Peasant | 10 | 750 | / | 0 |
| Footman | 7 | 945 | / | 0 |
| Rifleman | 1 | 205 | / | 30 |
| Goblin Zeppelin | 1 | 240 | / | 60 |
| total: | 19 | 2140g | / | 90w |
| Scout Tower | 1 | 30 | / | 20 |
| Altar of Kings | 1 | 180 | / | 50 |
| Farm | 5 | 400 | / | 100 |
| Barracks | 1 | 160 | / | 60 |
| Blacksmith | 1 | 140 | / | 60 |
| Arcane Vault | 1 | 130 | / | 30 |
| Workshop | 1 | 140 | / | 140 |
| Keep | 1 | 320 | / | 210 |
| Castle | 1 | 360 | / | 210 |
| total: | 11 | 1180g | / | 460w |
| 0:01 | Peasant |
| 0:01 | Peasant |
| 0:05 | Altar of Kings |
| 0:17 | Farm |
| 0:19 | Barracks |
| 0:20 | Peasant |
| 0:36 | Peasant |
| 0:48 | Farm |
| 0:59 | Peasant |
| 1:14 | Peasant |
| 1:21 | Footman |
| 1:31 | Peasant |
| 1:33 | Farm |
| 1:42 | Footman |
| 1:54 | Peasant |
| 2:05 | Summon Water Elemental |
| 2:15 | Footman |
| 2:16 | Peasant |
| 2:32 | Brilliance Aura |
| 2:37 | Footman |
| 2:39 | Peasant |
| 3:00 | Footman |
| 3:08 | Keep |
| 3:15 | Scout Tower |
| 3:42 | Footman |
| 3:43 | Farm |
| 3:44 | Farm |
| 3:45 | Blacksmith |
| 4:43 | Arcane Vault |
| 4:46 | Footman |
| 5:09 | Defend |
| 5:44 | Potion of Healing |
| 5:44 | Scroll of Regeneration |
| 5:50 | Lesser Clarity Potion |
| 6:22 | Castle |
| 6:23 | Summon Water Elemental |
| 6:28 | Storm Bolt |
| 6:39 | Rifleman |
| 7:10 | Workshop |
| 7:23 | Goblin Zeppelin |
| Right click | 590 |
| Select group | 237 |
| Select | 236 |
| Build/train/purchase | 66 |
| Chat | 50 |
| Misc. action | 43 |
| Assign group | 22 |
| Use ability | 11 |
| Esc | 2 |
16 units @ 1.8k
/ 0.1k
8 buildings @ 1.3k
/ 0.5k

| Rod of Necromancy | 2 | 300 |
| total: | 2 | 300g |
| Acolyte | 8 | 600 | / | 0 |
| Ghoul | 5 | 600 | / | 0 |
| Crypt Fiend | 3 | 645 | / | 120 |
| total: | 16 | 1845g | / | 120w |
| Nerubian Tower | 1 | 100 | / | 20 |
| Altar of Darkness | 1 | 180 | / | 50 |
| Ziggurat | 2 | 300 | / | 100 |
| Crypt | 1 | 200 | / | 50 |
| Tomb of Relics | 1 | 130 | / | 30 |
| Graveyard | 1 | 215 | / | 0 |
| Slaughterhouse | 2 | 280 | / | 270 |
| Halls of the Dead | 1 | 320 | / | 210 |
| Black Citadel | 2 | 650 | / | 460 |
| total: | 8 | 1305g | / | 500w |
| 0:05 | Acolyte |
| 0:10 | Altar of Darkness |
| 0:14 | Ziggurat |
| 0:15 | Acolyte |
| 0:36 | Crypt |
| 0:42 | Acolyte |
| 0:43 | Acolyte |
| 0:59 | Tomb of Relics |
| 1:19 | Graveyard |
| 1:37 | Ghoul |
| 1:37 | Ghoul |
| 1:37 | Ghoul |
| 1:42 | Ghoul |
| 1:42 | Ghoul |
| 1:58 | Nerubian Tower |
| 2:08 | Rod of Necromancy |
| 2:09 | Rod of Necromancy |
| 2:19 | Death Coil |
| 2:57 | Halls of the Dead |
| 3:08 | Crypt Fiend |
| 3:25 | Ziggurat |
| 4:49 | Crypt Fiend |
| 4:49 | Crypt Fiend |
| 5:18 | Acolyte |
| 5:18 | Acolyte |
| 5:18 | Acolyte |
| 5:32 | Unholy Aura |
| 5:33 | Acolyte |
| 6:23 | Black Citadel |
| 6:43 | Slaughterhouse |
| 6:55 | Slaughterhouse |
| 7:22 | Death Coil |
| Right click | 563 |
| Select group | 240 |
| Select | 127 |
| Chat | 71 |
| Build/train/purchase | 55 |
| Misc. action | 33 |
| Assign group | 18 |
| Use ability | 12 |